 Dungeon Crawl Stone Soup version 0.24-a0-504-gcfb02b9d07 (webtiles) character file.

Game seed: 14163352353447915701

4082 Gargoyl the Chopper (level 10, -10/81 HPs)
             Began as a Centaur Abyssal Knight on July 16, 2019.
             Was an Elder of Lugonu.
             Mangled by a gnoll sergeant
             ... wielding the +9 spear "Hellblazer" {elec, rF+ Int+3}
              (14 damage)
             ... on level 8 of the Dungeon.
             The game lasted 00:15:28 (10895 turns).

Gargoyl the Chopper (Centaur Abyssal Knight)       Turns: 10895, Time: 00:15:29

Health: -10/81     AC: 14    Str: 17    XL:     10   Next: 5%
Magic:  14/14      EV:  6    Int: 11    God:    Lugonu [****..]
Gold:   470        SH:  0    Dex: 10    Spells: 9/9 levels left

rFire    . . .     SeeInvis +   a - +5 hand axe
rCold    . . .     Gourm    .   (no shield)
rNeg     . . .     Faith    .   h - +0 chain mail
rPois    +         Spirit   .   q - +0 helmet
rElec    .         Reflect  .   n - +0 cloak {+Inv}
rCorr    .         Harm     .   g - +2 pair of gloves
MR       .....                  (no barding)
Stlth    ..........             x - amulet of magic regeneration
HPRegen  0.23/turn              d - ring of see invisible
MPRegen  0.39/turn              r - ring of poison resistance

@: very slightly contaminated, invisible (expiring), very quick
A: large, hooves 3, deformed body, speed 2, tough skin 3
a: Depart the Abyss, Bend Space, Banish, Corrupt, Renounce Religion


You were on level 8 of the Dungeon.
You worshipped Lugonu.
Lugonu was greatly pleased with you.
You were near starving.

You visited 1 branch of the dungeon, and saw 8 of its levels.
You visited the Abyss 1 time.

You collected 470 gold pieces.

Inventory:

Hand Weapons
 a - a +5 hand axe (weapon)
Armour
 g - a +2 pair of gloves (worn)
 h - a +0 chain mail (worn)
 n - a +0 cloak of invisibility (worn)
 q - a +0 helmet (worn)
Jewellery
 d - a ring of see invisible (left hand)
 r - a ring of poison resistance (right hand)
 x - an amulet of magic regeneration (around neck)
Wands
 m - a wand of flame (7)
 s - a wand of scattershot (4)
 t - a wand of random effects (14)
Scrolls
 b - 2 scrolls of identify
 k - a scroll of fear
 l - 3 scrolls of remove curse
 p - 2 scrolls of teleportation
 u - a scroll of fog
 v - a scroll of blinking
 w - a scroll of enchant armour {unknown}
Potions
 e - a potion of berserk rage
 f - 4 potions of curing
 i - 3 potions of invisibility
 j - a potion of mutation {unknown}
 o - 2 potions of might {unknown}
 A - a potion of haste {unknown}
Comestibles
 c - 12 rations


   Skills:
 + Level 5.3 Fighting
 + Level 6.5 Axes
 + Level 1.2 Throwing
 * Level 5.9 Armour
 * Level 4.0 Dodging
 * Level 3.2 Stealth
 * Level 6.0 Invocations
 + Level 1.0 Evocations


You had 9 spell levels left.
You didn't know any spells.
Your spell library contained the following spells:

 Spells                   Type           Power        Failure   Level  Hunger
 Animate Skeleton         Necr           N/A          99%         1    ##.....
 Magic Dart               Conj           #...         99%         1    ##.....
 Pain                     Necr           #...         99%         1    ##.....
 Summon Small Mammal      Summ           #...         99%         1    ##.....
 Call Imp                 Summ           #.......     100%        2    ###....
 Searing Ray              Conj           #.....       100%        2    ###....
 Call Canine Familiar     Summ           #.......     100%        3    ####...
 Dazzling Spray           Conj/Hex       #.....       100%        3    ####...
 Regeneration             Chrm/Necr      #.........   100%        3    ####...
 Summon Guardian Golem    Hex/Summ       #.......     100%        3    ####...
 Vampiric Draining        Necr           #.........   100%        3    ####...
 Animate Dead             Necr           N/A          100%        4    #####..
 Force Lance              Conj/Tloc      #.......     100%        4    #####..
 Fulminant Prism          Conj/Hex       #.........   100%        4    #####..
 Iskenderun's Mystic Bla  Conj           #.......     100%        4    #####..
 Summon Ice Beast         Ice/Summ       #.......     100%        4    #####..
 Summon Lightning Spire   Summ/Air       #.......     100%        4    #####..


Dungeon Overview and Level Annotations

Branches:
Dungeon (8/15)             Temple (0/1) D:5
   Lair: D:8-11

Altars:
Elyvilon
Gozag
Makhleb
Nemelex Xobeh
Okawaru
Qazlal
Sif Muna
Trog
Uskayaw
Xom

Shops:
D:5 (

Annotations:
D:6 1 runed translucent door
D:8 Grum; loom's ghost, novice TrBe


Innate Abilities, Weirdness & Mutations

You have hooves in place of feet.
Armour fits poorly on your strangely shaped body.
You cover ground very quickly.
You have extremely tough skin. (AC +3)


Message History

You feel sick.
There is a transporter here.
Grum shouts, "Rex!
Good boy!"
The gnoll hits you but does no damage.
You flicker for a moment.
The gnoll hits you with a +0 flail.
The gnoll sergeant hits you but does no damage.
You are electrocuted!!
* * * LOW HITPOINT WARNING * * *
There is a transporter here.
You enter the transporter and appear at another place.
You feel sick.
The gnoll sergeant hits you with the +9 spear "Hellblazer" {elec, rF+ Int+3}!
* * * LOW HITPOINT WARNING * * *
Unknown command.
You feel better.
The gnoll sergeant hits you with the +9 spear "Hellblazer" {elec, rF+ Int+3}!
* * * LOW HITPOINT WARNING * * *
You are electrocuted!
You die...

#...........# #.###..#
#######.......##### ####.# #..#
#.............# #....####..
#.#######.....########.##......>
#...............................
#..≈≈≈≈≈≈≈≈≈≈≈≈≈≈≈≈≈≈≈≈≈≈≈≈≈....
#..≈≈≈≈≈≈≈≈≈≈≈≈≈≈≈≈≈≈≈≈≈≈≈≈≈....
#..≈≈#####...(.g.....#####≈≈....
#..≈≈#.#.#.###.@.###.#.#.#≈≈....
#..≈≈#...###.#####.###...#≈≈.###
#..≈≈###...............###≈≈.#
#..≈≈.8#.######'######.#8.≈≈.#
#..≈≈.##h#.⌠.#..8#...#.##.≈≈.#
#..≈≈.#.g'hgg..©⌠#:..'..#.≈≈.#
#..≈≈.##.#h⌠g#..8#|..#.##.≈≈.#
#..≈≈.8#W######'######.#8.≈≈.#
#..≈≈###.gg............###≈≈.#


You could see a gnoll sergeant.

Vanquished Creatures
  Pikel (D:4)
  A hippogriff (D:8)
  Sigmund (D:4)
  A wyvern (D:8)
  A hungry ghost (D:7)
  A soldier ant (D:6)
  An orc warrior (D:8)
  2 ice beasts (D:6)
  A phantom (D:5)
  2 sky beasts (D:7)
  5 ogres (D:8)
  3 bullfrogs
  A gnoll sergeant (D:8)
  3 scorpions
  A water moccasin skeleton (D:7)
  A killer bee (D:6)
  A howler monkey (D:8)
  5 crimson imps
  A bullfrog zombie (D:2)
  2 centaur zombies
  3 orc priests
  4 hounds
  3 orc wizards (D:3)
  3 iguanas (D:5)
  11 worker ants
  A hound zombie (D:7)
  3 hound skeletons
  A worker ant zombie (D:3)
  22 gnolls
  8 adders
  3 shadow imps
  4 white imps (D:7)
  2 oozes
  2 adder zombies
  4 worms
  2 dart slugs
  6 leopard geckos
  14 orcs
  A ball python (D:5)
  7 giant cockroaches
  5 goblins
  6 hobgoblins
  6 jackals
  2 quokkas
  12 bats
  5 frilled lizards
  2 jackal zombies (D:3)
  8 kobolds
  A leopard gecko skeleton (D:6)
  A leopard gecko zombie (D:3)
  5 rats
192 creatures vanquished.

Vanquished Creatures (others)
  6 plants (D:8)
6 creatures vanquished.

Grand Total: 198 creatures vanquished

Notes
Turn   | Place    | Note
-------+----------+-------------------------------------------
     0 | Abyss:1  | Gargoyl the Centaur Abyssal Knight began the quest for the
                  | Orb.
     0 | Abyss:1  | Reached XP level 1. HP: 19/19 MP: 2/2
    33 | Abyss:1  | Found a corrupted altar of Lugonu.
    68 | Abyss:1  | Found a corrupted altar of Lugonu.
    77 | Abyss:1  | Noticed a small abomination
    81 | Abyss:1  | Noticed a tentacled starspawn
   108 | Abyss:1  | Noticed a small abomination
   122 | D:1      | Escaped the Abyss
   636 | D:1      | Reached XP level 2. HP: 23/26 MP: 3/3
   964 | D:2      | Reached skill level 1 in Dodging
  1114 | D:2      | Reached * piety under Lugonu
  1114 | D:2      | Reached XP level 3. HP: 21/31 MP: 4/4
  1381 | D:2      | Found an iron altar of Okawaru.
  1654 | D:2      | You fall into a shaft and drop 2 floors!
  1692 | D:4      | Noticed a scorpion
  1705 | D:4      | Killed a scorpion
  1705 | D:4      | Reached XP level 4. HP: 22/38 MP: 2/5
  2100 | D:4      | Noticed Sigmund
  2117 | D:5      | Entered Level 5 of the Dungeon
  2290 | D:3      | Reached XP level 5. HP: 36/45 MP: 5/7
  2419 | D:3      | Noticed an ogre
  2586 | D:2      | Reached ** piety under Lugonu
  2864 | D:2      | Found a bloodstained altar of Trog.
  2864 | D:2      | Found a white marble altar of Elyvilon.
  2969 | D:2      | Reached skill level 1 in Stealth
  3688 | D:3      | Found a burning altar of Makhleb.
  3697 | D:3      | Reached XP level 6. HP: 36/52 MP: 8/8
  3811 | D:3      | Found an opulent altar of Gozag.
  4391 | D:3      | Found a faded altar of an unknown god.
  4530 | D:3      | Found a sparkling altar of Nemelex Xobeh.
  4537 | D:3      | Reached *** piety under Lugonu
  4542 | D:3      | Found a stormy altar of Qazlal.
  4993 | D:4      | Killed Sigmund
  4993 | D:4      | Reached XP level 7. HP: 47/59 MP: 9/9
  5203 | D:5      | Found Patrim's Weapon Shoppe.
  5239 | D:5      | Found a staircase to the Ecumenical Temple.
  5551 | D:5      | Noticed Pikel
  5761 | D:4      | Killed Pikel
  5761 | D:4      | Reached skill level 1 in Throwing
  5761 | D:4      | Reached XP level 8. HP: 42/67 MP: 11/11
  5943 | D:5      | Reached skill level 5 in Axes
  6471 | D:6      | Found a shimmering altar of Xom.
  6472 | D:6      | Found a shimmering altar of Xom.
  6472 | D:6      | Found a shimmering altar of Xom.
  6472 | D:6      | Found a shimmering altar of Xom.
  6474 | D:6      | Found a shimmering altar of Xom.
  7045 | D:6      | Found a sand-covered staircase.
  7142 | D:6      | Found a runed translucent door.
  7143 | D:6      | Found a runed translucent door.
  7171 | D:6      | Reached **** piety under Lugonu
  7185 | D:6      | Reached skill level 5 in Invocations
  7650 | D:6      | Reached XP level 9. HP: 35/72 MP: 12/12
  8830 | D:7      | Found a deep blue altar of Sif Muna.
  8883 | D:7      | Found a hide-covered altar of Uskayaw.
  9000 | D:7      | Reached skill level 5 in Armour
  9383 | D:7      | Reached skill level 5 in Fighting
  9489 | D:7      | Found a deep blue altar of Sif Muna.
 10195 | D:8      | Identified the +9 spear "Hellblazer" {elec, rF+ Int+3}
 10237 | D:8      | Reached skill level 1 in Evocations
 10242 | D:8      | Reached XP level 10. HP: 73/81 MP: 14/14
 10600 | D:8      | Found a transporter.
 10605 | D:8      | Found a transporter.
 10624 | D:8      | Noticed Grum
 10630 | D:8      | Noticed loom's ghost (novice TrBe)
 10860 | D:8      | Identified the amulet "Zompes" {+Rage rElec rF+}
 10895 | D:8      | HP: 4/81 [gnoll sergeant/the +9 spear "Hellblazer" {elec,
                  | rF+ Int+3} (12)]
 10895 | D:8      | Mangled by a gnoll sergeant

Levels and vault maps discovered:
D:1:      minmay_arrival_solitary_statue, layout_rooms
D:2:      layout_basic, okawaru_trees_1, amethyst_overflow_temple_binary
D:3:      layout_basic, chequers_temple_overflow_statue_of_worship,
          nicolae_gozag_seed_capital, serial_undead, serial_undead_c,
          serial_undead_a, serial_undead_a, serial_undead_c,
          chequers_ecumenical_altar_grove, makhleb_heckhound_becter
D:4:      layout_basic, first_ration, uniq_sigmund
D:5:      layout_gridville, minmay_temple_entry_overgrown, serial_shops, shop,
          uniq_pikel
D:6:      lemuel_insect_pit, layout_rooms,
          nicolae_ossuary_entry_false_entrances, xom_redecorated
D:7:      layout_cave_pools, kennysheep_mini, nicolae_overflow_hidden_temple,
          basic_altar, minmay_nine_imps
D:8:      layout_basic, gammafunk_ghost_gnarly_gnolls, grunt_pizzeria

Skill      XL: |  1  2  3  4  5  6  7  8  9 |
---------------+----------------------------+-----
Axes           | 2 3 4 5 6 |  6.5
Dodging        | 1 2 3 4 |  4.0
Armour         | 2 3 4 5 |  5.9
Stealth        | 1 2 3 |  3.2
Invocations    | 3 4 5 6 |  6.0
Fighting       | 4 5 |  5.3
Throwing       | 1 |  1.2
Evocations     | 1 |  1.0

Action                   |  1- 3 |  4- 6 |  7- 9 | 10-12 || total
-------------------------+-------+-------+-------+-------++-------
Melee: Hand axe          |    89 |   194 |   459 |    16 ||   758
       Kick              |     6 |    36 |   103 |     9 ||   154
Throw: Boomerang         |       |       |     9 |       ||     9
Invok: Depart the Abyss  |     1 |       |       |       ||     1
       Bend Space        |       |       |       |     1 ||     1
 Abil: Evoke Invisibilit |     1 |       |     1 |     1 ||     3
Evoke: Wand              |       |       |    14 |       ||    14
  Use: Scroll            |     6 |     3 |    10 |     1 ||    20
       Potion            |     2 |     1 |       |     1 ||     4
 Stab: Invisible         |       |       |     1 |       ||     1
  Eat: Chunk             |     2 |     9 |    12 |     1 ||    24
       Ration            |       |       |     1 |       ||     1
Armor: Leather armour    |    62 |    85 |       |       ||   147
       Ring mail         |       |    51 |    12 |       ||    63
       Chain mail        |       |       |   340 |    19 ||   359
Dodge: Dodged            |    55 |    99 |   149 |     3 ||   306

Table legend:
 A = Non-vault XP
 B = Vault XP
 C = Vault XP percentage of total XP
 D = Non-vault monster count
 E = Vault monster count
 F = Vault count percentage of total count
                 A         B        C        D         E       F
            +---------+---------+-------+---------+---------+-------
      Total |    4085 |    1747 |  30.0 |     162 |      30 |  15.6
            +---------+---------+-------+---------+---------+-------
        D:1 |      21 |       0 |   0.0 |      11 |       0 |   0.0
        D:2 |     182 |       0 |   0.0 |      33 |       0 |   0.0
        D:3 |     298 |      88 |  22.8 |      38 |       7 |  15.6
        D:4 |     124 |     855 |  87.3 |       5 |       2 |  28.6
        D:5 |     577 |       0 |   0.0 |      24 |       0 |   0.0
        D:6 |     639 |     461 |  41.9 |      17 |      11 |  39.3
        D:7 |     781 |     210 |  21.2 |      19 |       9 |  32.1
        D:8 |    1463 |     133 |   8.3 |      15 |       1 |   6.2
            +---------+---------+-------+---------+---------+-------
